 Dungeon Crawl Stone Soup version 0.25-a0-100-g33052ceff8 (webtiles) character file.

Game seed: 5357601562795627389, levelgen mode: deterministic

70 RedPan the Chiller (level 4, 0/33 HPs)
             Began as a Draconian Ice Elementalist on Nov 14, 2019.
             Killed by nerve-wracking pain
             ... invoked by an orc priest
              (12 damage)
             ... on level 3 of the Dungeon.
             The game lasted 00:04:10 (2924 turns).

RedPan the Chiller (Draconian Ice Elementalist)     Turns: 2924, Time: 00:04:11

Health: 0/33       AC:  5    Str: 10    XL:     4   Next: 3%
Magic:  3/8        EV: 12    Int: 17    God:
Gold:   105        SH:  0    Dex: 11    Spells: 5/9 levels left

rFire    . . .     SeeInvis .   d - +2 whip (elec)
rCold    . . .     Gourm    .   (no shield)
rNeg     . . .     Faith    .   (armour unavailable)
rPois    .         Spirit   .   (helmet restricted)
rElec    .         Reflect  .   (no cloak)
rCorr    .         Harm     .   (no gloves)
MR       .....                  (no boots)
Stlth    ++........             (no amulet)
HPRegen  0.11/turn              (no ring)
MPRegen  0.11/turn              (no ring)

@: no status effects
A: unfitting armour, cold-blooded, AC +5
a: no special abilities


You were on level 3 of the Dungeon.
You were not hungry.

You visited 1 branch of the dungeon, and saw 3 of its levels.

You collected 105 gold pieces.

Inventory:

Hand Weapons
 d - a +2 whip of electrocution (weapon)
 j - a +1 dagger of venom
Scrolls
 c - a scroll of fear {unknown}
 g - a scroll of enchant armour {unknown}
 k - a scroll of noise {unknown}
 l - a scroll of teleportation {unknown}
Potions
 a - 3 potions of curing
 e - 2 potions of resistance
 f - a potion of magic
 h - a potion of lignification
 n - a potion of cancellation
Comestibles
 b - 3 rations


   Skills:
 + Level 0.2 Maces & Flails
 - Level 1.7 Dodging
 - Level 1.7 Stealth
 + Level 3.1 Spellcasting
   Level 1.0 Conjurations
 + Level 4.0 Ice Magic


You had 5 spell levels left.
You knew the following spells:

 Your Spells              Type           Power        Failure   Level  Hunger
a - Freeze                Ice            ###.         3%          1    None
b - Ozocubu's Armour      Chrm/Ice       #.......     22%         3    ###....

Your spell library contained the following spells:

 Spells                   Type           Power        Failure   Level  Hunger
 Throw Frost              Conj/Ice       ##....       10%         2    ##.....
 Throw Icicle             Conj/Ice       ##......     52%         4    ####...
 Summon Ice Beast         Ice/Summ       #.......     58%         4    ####...


Dungeon Overview and Level Annotations

Branches:
Dungeon (3/15)

Altars:


Innate Abilities, Weirdness & Mutations

Your plain brown scales are hard. (AC +5)
You cannot fit into any form of body armour.
You are cold-blooded and may be slowed by cold attacks.


Message History

The orc priest is severely wounded.
The orc priest hits you but does no damage.
Casting: Freeze (safe; 3% risk of failure)
Confirm with . or Enter, or press ? or * to list all spells.
Aiming: Freeze (safe; 3% risk of failure)
Press: ? - help, Shift-Dir - straight line, f/p - orc priest
Aim: an orc priest (severely wounded)
You freeze the orc priest.
The orc priest is severely wounded.
The orc priest miscasts a cantrip.
Casting: Freeze (safe; 3% risk of failure)
Confirm with . or Enter, or press ? or * to list all spells.
Aiming: Freeze (safe; 3% risk of failure)
Press: ? - help, Shift-Dir - straight line, f/p - orc priest
Aim: an orc priest (severely wounded)
You freeze the orc priest.
The orc priest is almost dead.
The orc priest calls down the wrath of Beogh upon you.
Pain shoots through your body!
You die...

..#.####..
.......#..
#........#
.........#
........>#
...!.....#
.........#
........<#
.......@.#
......o...#
......?......
......[....###
...........#
............
.......######
....... s≈


You could see an orc priest and a giant cockroach.

Vanquished Creatures
  An adder (D:2)
  3 worms
  2 dart slugs
  2 orcs (D:2)
  3 goblins (D:1)
  4 hobgoblins
  13 jackals
  4 bats (D:1)
  3 frilled lizards (D:2)
  5 kobolds
  3 rats
43 creatures vanquished.

Notes
Turn   | Place    | Note
-------+----------+-------------------------------------------
     0 | D:1      | RedPan the Draconian Ice Elementalist began the quest for
                  | the Orb.
     0 | D:1      | Reached XP level 1. HP: 14/14 MP: 3/3
   167 | D:1      | Reached XP level 2. HP: 20/20 MP: 3/5
  1026 | D:2      | Reached XP level 3. HP: 16/26 MP: 1/7
  1721 | D:2      | Found a faded altar of an unknown god.
  2121 | D:2      | Reached skill level 4 in Ice Magic
  2496 | D:2      | Learned a level 3 spell: Ozocubu's Armour
  2655 | D:2      | Reached XP level 4. HP: 33/33 MP: 5/8
  2924 | D:3      | Killed from afar by an orc priest

Levels and vault maps discovered:
D:1:      evilmike_arrival_run_for_it, layout_basic
D:2:      layout_basic, chequers_ecumenical_altar_island, minmay_bisected
D:3:      layout_rooms, portal_sewer_entry_c, ebering_ghost_sewer_d

Skill      XL: |  1  2  3 |
---------------+----------+-----
Spellcasting   | 3 |  3.1
Ice Magic      | 4 |  4.0
Maces & Flails | |  0.2
Dodging        | |  1.7
Stealth        | |  1.7
Conjurations   | |  1.0

Action                   |  1- 3 |  4- 6 || total
-------------------------+-------+-------++-------
Melee: Dagger            |    15 |       ||    15
       Tailslap          |    11 |       ||    11
       Unarmed           |     1 |       ||     1
       Whip              |    87 |       ||    87
 Cast: Freeze            |    31 |     7 ||    38
  Use: Scroll            |     5 |       ||     5
 Stab: Sleeping          |     3 |       ||     3
  Eat: Chunk             |     6 |       ||     6
Armor: Skin              |    56 |     1 ||    57
Dodge: Dodged            |   115 |     2 ||   117

Table legend:
 A = Non-vault XP
 B = Vault XP
 C = Vault XP percentage of total XP
 D = Non-vault monster count
 E = Vault monster count
 F = Vault count percentage of total count
                 A         B        C        D         E       F
            +---------+---------+-------+---------+---------+-------
      Total |      79 |      21 |  21.0 |      39 |       4 |   9.3
            +---------+---------+-------+---------+---------+-------
        D:1 |      31 |       5 |  13.9 |      18 |       1 |   5.3
        D:2 |      48 |      16 |  25.0 |      21 |       3 |  12.5
            +---------+---------+-------+---------+---------+-------
